| TOP OF THE 1ST |
|
Binghamton Mets batting - Pitching for Fort Wayne TinCaps : LHP Blaine Whitmore
|
|
Pitching: LHP Blaine Whitmore
|
|
|
Batting: LHB Jose Chavez
|
0-0: Ball 1-0: Foul Ball, location: 2F 1-1: Ground out 6-3 (Groundball, 6, EV 90.0 MPH)
|
|
Batting: RHB Steve Dunaway
|
0-0: Ball 1-0: Ground out 6-3 (Groundball, 6S, EV 67.5 MPH)
|
|
Batting: RHB Andy Solorzano
|
0-0: Swinging Strike 0-1: Ball 1-1: Foul Ball, location: 2F 1-2: Strikes out swinging
|
| Top of the 1st over - 0 runs, 0 hits, 0 errors, 0 left on base; Binghamton 0 - Fort Wayne 0 |
| BOTTOM OF THE 1ST |
|
Fort Wayne TinCaps batting - Pitching for Binghamton Mets : RHP Wei-hong Qi
|
|
Pitching: RHP Wei-hong Qi
|
|
|
Batting: SHB Adam Martin
|
0-0: Ball 1-0: Ball 2-0: Called Strike 2-1: Foul Ball, location: 2F 2-2: Ball 3-2: SINGLE (Groundball, 25, EV 70.0 MPH) (infield hit)
|
|
Pinch Runner at 1st Melvin Villagomez:
|
|
|
Batting: RHB Rodolfo Rivera
|
0-0: Called Strike 0-1: Ball 1-1: Foul Ball, location: 2F 1-2: Foul Ball, location: 2F 1-2: Strikes out looking
|
|
Batting: LHB James Sousa
|
0-0: Grounds into double play, 4-6-3 (Groundball, 4, EV 85.6 MPH)
|
| Bottom of the 1st over - 0 runs, 1 hit, 0 errors, 0 left on base; Binghamton 0 - Fort Wayne 0 |
| TOP OF THE 2ND |
|
Binghamton Mets batting - Pitching for Fort Wayne TinCaps : LHP Blaine Whitmore
|
|
Now at 2B: Melvin Villagomez
|
|
|
Batting: RHB Chris Nelson
|
0-0: Called Strike 0-1: Called Strike 0-2: Ball 1-2: Ball 2-2: Foul Ball, location: 2F 2-2: Foul Ball, location: 2F 2-2: Strikes out swinging
|
|
Batting: RHB Shawn Mathews
|
0-0: Foul Ball, location: 2F 0-1: Ball 1-1: Ball 2-1: Swinging Strike 2-2: Ball 3-2: Base on Balls
|
|
Batting: RHB Joe Kooyers
|
0-0: Ball 1-0: Swinging Strike 1-1: Ball 2-1: Ball 3-1: Called Strike 3-2: Foul Ball, location: 2F 3-2: Base on Balls Shawn Mathews to second
|
|
Batting: RHB Matt Skipper
|
0-0: Ball 1-0: SINGLE (Groundball, 25, EV 68.8 MPH) (infield hit) Shawn Mathews to third Joe Kooyers to second
|
|
Batting: LHB Nate Trahan
|
0-0: Ball 1-0: Ball 2-0: Called Strike 2-1: Fly out, F6 (Popup, 6M, EV 67.5 MPH)
|
|
Batting: LHB Elmo Dreier
|
0-0: Ball 1-0: Ball 2-0: Called Strike 2-1: Foul Ball, location: 2F 2-2: Strikes out swinging
|
| Top of the 2nd over - 0 runs, 1 hit, 0 errors, 3 left on base; Binghamton 0 - Fort Wayne 0 |
| BOTTOM OF THE 2ND |
|
Fort Wayne TinCaps batting - Pitching for Binghamton Mets : RHP Wei-hong Qi
|
|
Batting: RHB Juan Martinez
|
0-0: Swinging Strike 0-1: Ball 1-1: Ball 2-1: Ball 3-1: Foul Ball, location: 2F 3-2: Foul Ball, location: 2F 3-2: Foul Ball, location: 2F 3-2: Strikes out looking
|
|
Batting: LHB Mike Schermerhorn
|
0-0: Called Strike 0-1: Swinging Strike 0-2: Foul Ball, location: 2F 0-2: Ball 1-2: Strikes out swinging
|
|
Batting: RHB Davey Verhoog
|
0-0: SINGLE (Line Drive, 8RS, EV 86.3 MPH)
|
|
Batting: LHB Angel Mejia
|
0-0: Ball Davey Verhoog steals 2nd base (no throw) 1-0: Ball 2-0: Foul Ball, location: 2F 2-1: Called Strike 2-2: Fly out, F7 (Flyball, 7LS, EV 90.0 MPH)
|
| Bottom of the 2nd over - 0 runs, 1 hit, 0 errors, 1 left on base; Binghamton 0 - Fort Wayne 0 |
| TOP OF THE 3RD |
|
Binghamton Mets batting - Pitching for Fort Wayne TinCaps : LHP Blaine Whitmore
|
|
Batting: LHB Jose Chavez
|
0-0: SINGLE (Line Drive, 78S, EV 106.9 MPH)
|
|
Batting: RHB Steve Dunaway
|
0-0: Ball 1-0: Ball 2-0: Foul Ball, location: 2F 2-1: DOUBLE (Groundball, 3L, EV 108.1 MPH) Jose Chavez to third Jose Chavez scores
|
|
Batting: RHB Andy Solorzano
|
0-0: Ball Passed Ball! Steve Dunaway to third 1-0: Foul Ball, location: 2F 1-1: Foul Ball, location: 2F 1-2: Ball 2-2: Ground out 6-3 (Groundball, 6, EV 86.9 MPH) Steve Dunaway scores
|
|
Batting: RHB Chris Nelson
|
0-0: Ball 1-0: Foul Ball, location: 2F 1-1: Foul Ball, location: 2F 1-2: SINGLE (Groundball, 6D, EV 104.4 MPH)
|
|
Batting: RHB Shawn Mathews
|
0-0: Hit by Pitch Chris Nelson to second
|
|
Batting: RHB Joe Kooyers
|
0-0: Called Strike 0-1: Grounds into double play, 5-4-3 (Groundball, 5S, EV 86.9 MPH)
|
| Top of the 3rd over - 2 runs, 3 hits, 0 errors, 1 left on base; Binghamton 2 - Fort Wayne 0 |
| BOTTOM OF THE 3RD |
|
Fort Wayne TinCaps batting - Pitching for Binghamton Mets : RHP Wei-hong Qi
|
|
Batting: SHB Josh Parker
|
0-0: Swinging Strike 0-1: Ball 1-1: Called Strike 1-2: Strikes out looking
|
|
Batting: RHB Rich Justice
|
0-0: Foul Ball, location: 2F 0-1: Foul Ball, location: 2F 0-2: Foul Ball, location: 2F 0-2: Ball 1-2: Strikes out swinging
|
|
Batting: RHB Melvin Villagomez
|
0-0: Called Strike 0-1: Ground out 6-3 (Groundball, 6, EV 86.9 MPH)
|
| Bottom of the 3rd over - 0 runs, 0 hits, 0 errors, 0 left on base; Binghamton 2 - Fort Wayne 0 |
| TOP OF THE 4TH |
|
Binghamton Mets batting - Pitching for Fort Wayne TinCaps : LHP Blaine Whitmore
|
|
Batting: RHB Matt Skipper
|
0-0: Ground out U3 (Groundball, 34, EV 100.6 MPH)
|
|
Batting: LHB Nate Trahan
|
0-0: Ball 1-0: Called Strike 1-1: Ground out 6-3 (Groundball, 6S, EV 66.9 MPH)
|
|
Batting: LHB Elmo Dreier
|
0-0: Ball 1-0: Called Strike 1-1: TRIPLE (Flyball, 9LD, EV 100.6 MPH)
|
|
Batting: LHB Jose Chavez
|
0-0: Ball 1-0: Foul Ball, location: 2F 1-1: Foul Ball, location: 2F 1-2: Ball 2-2: Foul Ball, location: 2F 2-2: Foul Ball, location: 2F 2-2: Ball 3-2: SINGLE (Line Drive, 8RS, EV 100.0 MPH) Elmo Dreier scores
|
|
Batting: RHB Steve Dunaway
|
Balk! Jose Chavez to second 0-0: Called Strike 0-1: Ball 1-1: Ball 2-1: Ground out 5-3 (Groundball, 56S, EV 90.0 MPH)
|
| Top of the 4th over - 1 run, 2 hits, 0 errors, 1 left on base; Binghamton 3 - Fort Wayne 0 |
| BOTTOM OF THE 4TH |
|
Fort Wayne TinCaps batting - Pitching for Binghamton Mets : RHP Wei-hong Qi
|
|
Batting: RHB Rodolfo Rivera
|
0-0: Swinging Strike 0-1: Ground out 5-3 (Groundball, 5, EV 103.1 MPH)
|
|
Batting: LHB James Sousa
|
0-0: Called Strike 0-1: Foul Ball, location: 2F 0-2: Strikes out swinging
|
|
Batting: RHB Juan Martinez
|
0-0: Foul Ball, location: 2F 0-1: SINGLE (Line Drive, 9S, EV 88.1 MPH)
|
|
Batting: LHB Mike Schermerhorn
|
0-0: Called Strike Juan Martinez steals 2nd base 0-1: Swinging Strike 0-2: Foul Ball, location: 2F 0-2: Ball 1-2: Ball 2-2: Ground out 4-3 (Groundball, 4, EV 93.1 MPH)
|
| Bottom of the 4th over - 0 runs, 1 hit, 0 errors, 1 left on base; Binghamton 3 - Fort Wayne 0 |
| TOP OF THE 5TH |
|
Binghamton Mets batting - Pitching for Fort Wayne TinCaps : LHP Blaine Whitmore
|
|
Batting: RHB Andy Solorzano
|
0-0: Ball 1-0: Ground out 4-3 (Groundball, 4MS, EV 71.9 MPH)
|
|
Batting: RHB Chris Nelson
|
0-0: Called Strike 0-1: Foul Ball, location: 2F 0-2: Strikes out swinging
|
|
Batting: RHB Shawn Mathews
|
0-0: Ball 1-0: Foul Ball, location: 2F 1-1: Swinging Strike 1-2: Foul Ball, location: 2F 1-2: Foul Ball, location: 2F 1-2: Ball 2-2: Fly out, F3 (Popup, 3SF, EV 78.1 MPH)
|
| Top of the 5th over - 0 runs, 0 hits, 0 errors, 0 left on base; Binghamton 3 - Fort Wayne 0 |
| BOTTOM OF THE 5TH |
|
Fort Wayne TinCaps batting - Pitching for Binghamton Mets : RHP Wei-hong Qi
|
|
Batting: RHB Davey Verhoog
|
0-0: DOUBLE (Line Drive, 7LM, EV 103.1 MPH)
|
|
Batting: LHB Angel Mejia
|
0-0: Ball 1-0: Swinging Strike 1-1: DOUBLE (Line Drive, 89D, EV 105.0 MPH) Davey Verhoog scores
|
|
Batting: SHB Josh Parker
|
0-0: Ball 1-0: Ball 2-0: Called Strike 2-1: Foul Ball, location: 2F 2-2: Foul Ball, location: 2F 2-2: Foul Ball, location: 2F 2-2: Foul Ball, location: 2F 2-2: Fly out, F7 (Line Drive, 78S, EV 98.8 MPH)
|
|
Batting: RHB Rich Justice
|
0-0: Ground out U3 (Groundball, 3, EV 83.1 MPH) Angel Mejia to third
|
|
Batting: RHB Melvin Villagomez
|
0-0: Ball 1-0: Foul Ball, location: 2F 1-1: Ground out 5-3 (Groundball, 56S, EV 85.0 MPH)
|
| Bottom of the 5th over - 1 run, 2 hits, 0 errors, 1 left on base; Binghamton 3 - Fort Wayne 1 |
| TOP OF THE 6TH |
|
Binghamton Mets batting - Pitching for Fort Wayne TinCaps : LHP Blaine Whitmore
|
|
Pitching: RHP Andre Wiltz
|
|
|
Batting: RHB Joe Kooyers
|
0-0: Foul Ball, location: 2F 0-1: Foul Ball, location: 2F 0-2: Ball 1-2: Strikes out swinging
|
|
Batting: RHB Matt Skipper
|
0-0: Foul Ball, location: 2F 0-1: Ball 1-1: Foul Ball, location: 2F 1-2: Ground out 6-3 (Groundball, 6, EV 105.6 MPH)
|
|
Batting: LHB Nate Trahan
|
0-0: Called Strike 0-1: Ball 1-1: Ground out 4-3 (Groundball, 4, EV 83.8 MPH)
|
| Top of the 6th over - 0 runs, 0 hits, 0 errors, 0 left on base; Binghamton 3 - Fort Wayne 1 |
| BOTTOM OF THE 6TH |
|
Fort Wayne TinCaps batting - Pitching for Binghamton Mets : RHP Wei-hong Qi
|
|
Batting: RHB Rodolfo Rivera
|
0-0: Ball 1-0: Called Strike 1-1: Swinging Strike 1-2: Ball 2-2: Foul Ball, location: 2F 2-2: Fly out, F8 (Flyball, 8RD, EV 106.9 MPH)
|
|
Batting: LHB James Sousa
|
0-0: Fly out, F9 (Flyball, 9LS, EV 70.6 MPH)
|
|
Batting: RHB Juan Martinez
|
0-0: Ball 1-0: Fly out, F8 (Flyball, 8LD, EV 80.0 MPH)
|
| Bottom of the 6th over - 0 runs, 0 hits, 0 errors, 0 left on base; Binghamton 3 - Fort Wayne 1 |
| TOP OF THE 7TH |
|
Binghamton Mets batting - Pitching for Fort Wayne TinCaps : RHP Andre Wiltz
|
|
Pitching: RHP Roger Brennan
|
|
|
Batting: LHB Elmo Dreier
|
0-0: Ball 1-0: SINGLE (Groundball, 5L, EV 94.4 MPH)
|
|
Batting: LHB Jose Chavez
|
0-0: Ball 1-0: Ball 2-0: Ball 3-0: Called Strike 3-1: SINGLE (Groundball, 56D, EV 104.4 MPH) Elmo Dreier to second
|
|
Batting: RHB Steve Dunaway
|
0-0: Fielders Choice at 2nd, 6-4 (Groundball, 56, EV 90.6 MPH) Elmo Dreier to third
|
|
Batting: RHB Andy Solorzano
|
0-0: Ball Steve Dunaway steals 2nd base 1-0: Intentional Walk
|
|
Batting: RHB Chris Nelson
|
0-0: Called Strike 0-1: Ball 1-1: Foul Ball, location: 2F 1-2: Ball 2-2: Foul Ball, location: 2F 2-2: Strikes out swinging
|
|
Batting: SHB Alex Orozco
|
0-0: Ball 1-0: SINGLE (Groundball, 34D, EV 104.4 MPH) Elmo Dreier scores Steve Dunaway to third Andy Solorzano to second Runner from 3rd tries for Home, throw by RF and OUT! 9-2
|
| Top of the 7th over - 1 run, 3 hits, 0 errors, 2 left on base; Binghamton 4 - Fort Wayne 1 |
| BOTTOM OF THE 7TH |
|
Fort Wayne TinCaps batting - Pitching for Binghamton Mets : RHP Wei-hong Qi
|
|
Pitching: RHP Leo Burgos
|
|
|
Batting: LHB Mike Schermerhorn
|
0-0: Ball 1-0: Ball 2-0: Ground out U3 (Groundball, 3, EV 106.9 MPH)
|
|
Batting: RHB Davey Verhoog
|
0-0: Ball 1-0: Called Strike 1-1: Foul Ball, location: 2F 1-2: Foul Ball, location: 2F 1-2: Ground out 6-3 (Groundball, 6M, EV 101.3 MPH)
|
|
Batting: LHB Angel Mejia
|
0-0: Ball 1-0: Fly out, F8 (Line Drive, 8RD, EV 94.4 MPH)
|
| Bottom of the 7th over - 0 runs, 0 hits, 0 errors, 0 left on base; Binghamton 4 - Fort Wayne 1 |
| TOP OF THE 8TH |
|
Binghamton Mets batting - Pitching for Fort Wayne TinCaps : RHP Roger Brennan
|
|
Pitching: RHP Roman Baines
|
|
|
Batting: RHB Joe Kooyers
|
0-0: Called Strike 0-1: Called Strike 0-2: Fly out, F9 (Flyball, 9S, EV 89.4 MPH)
|
|
Batting: RHB Matt Skipper
|
0-0: Called Strike 0-1: Ball 1-1: Called Strike 1-2: Ball 2-2: Foul Ball, location: 2F 2-2: Strikes out swinging, 2-3 out at first.
|
|
Batting: LHB Nate Trahan
|
0-0: Ball 1-0: Foul Ball, location: 2F 1-1: SINGLE (Groundball, 4MD, EV 105.6 MPH)
|
|
Batting: LHB Elmo Dreier
|
0-0: Swinging Strike 0-1: SINGLE (Groundball, P, EV 78.8 MPH) (infield hit) Nate Trahan to second
|
|
Batting: LHB Jose Chavez
|
0-0: Ground out 4-3 (Groundball, 4S, EV 80.6 MPH)
|
| Top of the 8th over - 0 runs, 2 hits, 0 errors, 2 left on base; Binghamton 4 - Fort Wayne 1 |
| BOTTOM OF THE 8TH |
|
Fort Wayne TinCaps batting - Pitching for Binghamton Mets : RHP Leo Burgos
|
|
Batting: SHB Josh Parker
|
0-0: Ball 1-0: Foul Ball, location: 2F 1-1: Fly out, F8 (Line Drive, 8RM, EV 91.3 MPH)
|
|
Batting: RHB Rich Justice
|
0-0: Ball 1-0: Ball 2-0: Called Strike 2-1: Ball 3-1: SINGLE (Groundball, 6MD, EV 103.1 MPH)
|
|
Batting: RHB Melvin Villagomez
|
0-0: Ball 1-0: Called Strike 1-1: Foul Ball, location: 2F 1-2: TRIPLE (Flyball, 78XD, EV 110.0 MPH) Rich Justice scores
|
|
Batting: RHB Rodolfo Rivera
|
0-0: Ball 1-0: Ball 2-0: Called Strike 2-1: Fly out, F8 (Flyball, 8RD, EV 86.3 MPH) Runner from 3rd tags up, OUT at HOME! 8-2
|
| Bottom of the 8th over - 1 run, 2 hits, 0 errors, 0 left on base; Binghamton 4 - Fort Wayne 2 |
| TOP OF THE 9TH |
|
Binghamton Mets batting - Pitching for Fort Wayne TinCaps : RHP Roman Baines
|
|
Batting: RHB Steve Dunaway
|
0-0: Ball 1-0: Ball 2-0: Ball 3-0: Called Strike 3-1: Base on Balls
|
|
Batting: RHB Andy Solorzano
|
0-0: Called Strike 0-1: Called Strike 0-2: Ball 1-2: Foul Ball, location: 2F 1-2: Reached on error, E1 (Groundball, 13, EV 68.8 MPH) Steve Dunaway to second
|
|
Batting: RHB Chris Nelson
|
0-0: Foul Ball, location: 2F 0-1: Ball 1-1: Foul Ball, location: 2F 1-2: Fielders Choice at 2nd, 4-6 (Groundball, 4, EV 94.4 MPH) Steve Dunaway to third
|
|
Batting: SHB Alex Orozco
|
0-0: Swinging Strike 0-1: Ball 1-1: Fly out, F9 (Flyball, 9D, EV 89.4 MPH)
|
|
Batting: RHB Joe Kooyers
|
0-0: Ball 1-0: Ball 2-0: Called Strike 2-1: Fly out, F9 (Flyball, 89XD, EV 88.8 MPH)
|
| Top of the 9th over - 0 runs, 0 hits, 1 error, 2 left on base; Binghamton 4 - Fort Wayne 2 |
| BOTTOM OF THE 9TH |
|
Fort Wayne TinCaps batting - Pitching for Binghamton Mets : RHP Leo Burgos
|
|
Pitching: RHP Amare Golden
|
|
|
Batting: LHB James Sousa
|
0-0: Called Strike 0-1: Ground out U3 (Groundball, 34S, EV 86.3 MPH)
|
|
Batting: RHB Juan Martinez
|
0-0: Ball 1-0: Called Strike 1-1: Foul Ball, location: 2F 1-2: Foul Ball, location: 2F 1-2: Fly out, F8 (Flyball, 8LM, EV 92.5 MPH)
|
|
Batting: LHB Mike Schermerhorn
|
0-0: Ball 1-0: Swinging Strike 1-1: Ball 2-1: Foul Ball, location: 2F 2-2: Ground out 6-3 (Groundball, 6, EV 77.5 MPH)
|
| Bottom of the 9th over - 0 runs, 0 hits, 0 errors, 0 left on base; Binghamton 4 - Fort Wayne 2 |
|